 Dungeon Sprint DCSS version 0.30-a0-469-g84de5afbc5 (webtiles) character file.

Game seed: 6499175927780627887

3 rocky1 the Shield-Bearer (level 1, -13/18 HPs)
             Began as a Formicid Fighter on Dec 20, 2022.
             Mangled by Crazy Yiuf
             ... wielding a +4 quarterstaff of chaos
              (15 damage)
             ... in the Dungeon (Sprint III: "The Ten Rune Challenge").
             The game lasted 00:00:26 (149 turns).

rocky1 the Shield-Bearer (Formicid Fighter)          Turns: 149, Time: 00:00:26

Health: -13/18     AC:  6    Str: 20    XL:     1   Next: 55%
Magic:  1/1        EV:  9    Int:  7    God:
Gold:   16         SH:  5    Dex: 13    Spells: 0/0 levels left

rFire   . . .      SeeInvis +    a - +0 trident
rCold   . . .      Faith    .    c - +0 buckler
rNeg    . . .      Spirit   .    b - +0 scale mail
rPois   .          Reflect  .    (helmet unavailable)
rElec   .          Harm     .    (no cloak)
rCorr   .          Rampage  .    (no gloves)
Will    .....                    (no boots)
Stlth   ..........               (no amulet)
HPRegen 0.23/turn                (no ring)
MPRegen 0.07/turn                (no ring)

@: mighty
A: permanent stasis, dig shafts and tunnels, antennae 3, four strong arms
a: Dig


You were in the Dungeon.
You visited 1 branch You collected 16 gold pieces.

Inventory:

Hand Weapons
 a - a +0 trident (weapon)
Armour
 b - a +0 scale mail (worn)
 c - a +0 buckler (worn)
Potions
 e - a potion of curing
 f - a potion of heal wounds
 g - 2 potions of magic
 h - a potion of lignification {unknown}


   Skills:
 - Level 3.6 Fighting
 + Level 2.6 Polearms
 - Level 3.6 Armour
 - Level 4.4 Shields


You couldn't memorise any spells.
You didn't know any spells.
Your spell library was empty.

Dungeon Overview and Level Annotations

Branches:
Dungeon (1/1)

Altars:

Annotations:
D Crazy Yiuf


Innate Abilities, Weirdness & Mutations

You cannot be hasted, slowed, berserked, paralysed or teleported.
You can dig through walls and to a lower floor.
You have a pair of large antennae on your head. (SInv)
Your four strong arms can wield two-handed weapons with a shield.


Message History

The rat bites you but does no damage.
You barely miss the rat. The rat barely misses you.
The rat bites you but does no damage.
You barely miss the rat. The rat barely misses you. The rat bites you.
You hit the rat.
The rat is severely wounded.
You block the rat's attack. The rat completely misses you.
You puncture the rat!
You kill the rat!
The rat closely misses you. The rat bites you.
You hit the rat.
You kill the rat!
No target in view!
You see here a rat corpse.
You see here a rat corpse.
h - a fuming blue potion You start waiting.
Done waiting.
You open the door.
There is an open door here.
Crazy Yiuf the Enlightened comes into view.
He is wielding a +4 quarterstaff of chaos.
Crazy Yiuf shouts!
You feel very mighty all of a sudden.
You closely miss Crazy Yiuf.
Crazy Yiuf hits you with a +4 quarterstaff of chaos!
Ouch! That really hurt!
* * * LOW HITPOINT WARNING * * *
You are too injured to fight recklessly!
You puncture Crazy Yiuf!
Crazy Yiuf is severely wounded.
Crazy Yiuf barely misses you.
You hit Crazy Yiuf.
Crazy Yiuf is almost dead.
Crazy Yiuf barely misses you.
You barely miss Crazy Yiuf.
Crazy Yiuf is almost dead.
Crazy Yiuf misses you.
Crazy Yiuf hits you with a +4 quarterstaff of chaos!
Ouch! That really hurt!
You die...

▓▓▓▓ ▓▓▓▓▓▓▓
▓<.# +...♣.♣♣
▓..# #......♣
▓#'####....♣.♣
▓.....#....~♣♣
▓.....#...~~.♣
▓.....#g.~~~~♣♣
▓####'#@.~≈≈~~~
▓...††#.~~≈~~~.
▓.....#.~≈~~~..
▓.....#.~~~....
▓'#####........
▓..............
▓▓▓▓▓▓▓▓▓▓▓▓▓▓▓
{ { { {


You could see Crazy Yiuf.

Vanquished Creatures
  An endoplasm (D)
  3 rats (D)
4 creatures vanquished.

Notes
Turn   | Place    | Note
-------+----------+-------------------------------------------
     0 | D        | rocky1 the Formicid Fighter began the quest for the Orb.
     0 | D        | Reached XP level 1. HP: 18/18 MP: 1/1
   142 | D        | Noticed Crazy Yiuf
   149 | D        | Mangled by Crazy Yiuf

Illustrated notes

Levels and vault maps discovered:
D:        dungeon_sprint_mu [sprint_mu_entry_forest, sprint_mu_temple_rooms,
          sprint_mu_d1_spiders, sprint_mu_d2_genie, sprint_mu_d3_branching,
          sprint_mu_orc_legion, sprint_mu_elf_gauntlet, sprint_mu_hive_nellie,
          sprint_mu_lair_fedhas, sprint_mu_vaults_butterflies,
          sprint_mu_slime_circle, sprint_mu_swamp_cave, sprint_mu_shoals_archi,
          sprint_mu_blade_basic, sprint_mu_crypt_chambers,
          sprint_mu_tomb_spiral, sprint_mu_vestibule_basic,
          sprint_mu_gehenna_hellfire, sprint_mu_dis_giant,
          sprint_mu_tartarus_statrot, sprint_mu_cocytus_islands, sprint_mu_zot1]

Action                   || total
-------------------------++-------
Melee: Trident           ||    15
  Use: Potion            ||     1
Armor: Scale mail        ||     4
Dodge: Dodged            ||    10
Block: Buckler           ||     2

Table legend: (Time is in decaauts)
 A = Elapsed time spent in this place.
 B = Non-inter-level travel time spent in this place.
 C = Inter-level travel time spent in this place.
 D = Time resting spent in this place.
 E = Time spent auto-exploring this place.
 F = Levels seen in this place.
 G = Mean time per level.
                   A        B        C        D        E       F      G
               +--------+--------+--------+--------+--------+-----+--------+
         Total |    151 |    151 |      0 |    100 |      0 |   1 |  151.0 |
       Dungeon |    151 |    151 |      0 |    100 |      0 |   1 |  151.0 |
               +--------+--------+--------+--------+--------+-----+--------+

Top non-repeatable levels by time:
       D: 151 daAuts
